 Dungeon Crawl Stone Soup version 0.29-a0-330-g52719c12eb (webtiles) character file.

Game seed: 4485881960732103624

1018 Ajdolov the Fighter (level 8, -1/91 HPs)
             Began as an Ogre Warper on May 12, 2022.
             Succumbed to a water moccasin's poison
             ... on level 6 of the Dungeon.
             The game lasted 00:08:33 (6851 turns).

Ajdolov the Fighter (Ogre Warper)                   Turns: 6851, Time: 00:08:34

Health: -1/91      AC:  3    Str: 16    XL:     8   Next: 22%
Magic:  11/11      EV: 13    Int: 16    God:
Gold:   286        SH:  0    Dex:  8    Spells: 11/11 levels left

rFire   + . .      SeeInvis .   v - +2 whip (elec)
rCold   . . .      Faith    .   (no shield)
rNeg    . . .      Spirit   .   b - +0 robe
rPois   .          Reflect  .   (helmet restricted)
rElec   .          Harm     .   (no cloak)
rCorr   .          Rampage  .   (gloves unavailable)
Will    .....                   (boots unavailable)
Stlth   +.........              (no amulet)
HPRegen 0.25/turn               e - +4 ring of evasion
MPRegen 0.12/turn               a - ring of protection from fire

@: lethally poisoned (-1 -> -21)
A: large, unfitting armour, tough skin 1
a: no special abilities


You were on level 6 of the Dungeon.
You visited 1 branch of the dungeon, and saw 6 of its levels.

You collected 370 gold pieces.
You spent 84 gold pieces at shops.

Inventory:

Hand Weapons
 v - a +2 whip of electrocution (weapon)
 x - a +0 great mace
Missiles
 d - 5 boomerangs of dispersal (quivered)
 n - 7 boomerangs
Armour
 b - a +0 robe (worn)
Jewellery
 a - a ring of protection from fire (right hand)
 e - a +4 ring of evasion (left hand)
Scrolls
 c - a scroll of blinking
 f - 2 scrolls of magic mapping {unknown}
 i - a scroll of enchant weapon {unknown}
 j - a scroll of amnesia {unknown}
 k - 2 scrolls of brand weapon {unknown}
 l - a scroll of immolation {unknown}
 o - a scroll of holy word {unknown}
 p - a scroll of silence {unknown}
 q - 2 scrolls of identify {unknown}
 s - a scroll of enchant armour {unknown}
 t - 4 scrolls of fear {unknown}
 u - a scroll of teleportation {unknown}
Potions
 g - 2 potions of heal wounds {unknown}
 h - 6 potions of curing
 m - a potion of invisibility {unknown}
 r - a potion of degeneration {unknown}
 w - a potion of flight {unknown}
 z - a potion of mutation {unknown}
 A - a potion of attraction {unknown}
 B - a potion of ambrosia {unknown}


   Skills:
 + Level 8.9 Fighting
 * Level 6.3 Maces & Flails
 - Level 1.0 Throwing
 - Level 2.1 Dodging
 - Level 2.4 Spellcasting
 - Level 2.6 Translocations


You had 11 spell levels left.
You didn't know any spells.
Your spell library contained the following spells:

 Spells                   Type           Power      Damage    Failure   Level
 Blink                    Tloc           20%        N/A       10%         2
 Foxfire                  Conj/Fire      4%         2x1d4     21%         1
 Slow                     Hex            4%         N/A       21%         1
 Gell's Gravitas          Tloc           10%        N/A       21%         3
 Lesser Beckoning         Tloc           10%        N/A       21%         3
 Teleport Other           Tloc           10%        N/A       21%         3
 Confusing Touch          Hex            1%         N/A       52%         3
 Conjure Flame            Conj/Fire      1%         6-21      52%         3
 Inner Flame              Hex/Fire       1%         N/A       52%         3
 Vampiric Draining        Necr           1%         2d6       52%         3
 Manifold Assault         Tloc           10%        N/A       88%         5
 Flame Wave               Conj/Fire      1%         2d4       89%         4


Dungeon Overview and Level Annotations

Branches:
Dungeon (6/15)
 Temple: D:4-7

Altars:

Shops:
D:3 (=!


Innate Abilities, Weirdness & Mutations

You are too large for most types of armour.
You have tough skin. (AC +1)


Message History

* * * LOW HITPOINT WARNING * * *
You are more poisoned.
The water moccasin poisons you!
You hit the water moccasin.
The water moccasin is almost dead.
You feel very sick. The water moccasin bites you.
* * * LOW HITPOINT WARNING * * *
Unknown command.
You completely miss the water moccasin.
The water moccasin is almost dead.
* * * LOW HITPOINT WARNING * * *
You feel very sick. The water moccasin barely misses you.
Unknown command.
You hit the water moccasin.
The water moccasin is almost dead.
* * * LOW HITPOINT WARNING * * *
You feel very sick. The water moccasin misses you.
Unknown command.
Throw: 7 boomerangs (disperse)
Press: ? - help, Q - select action, (/) - cycle Shift-Dir - straight line, f - water moccasin
Aim: a water moccasin (almost dead, 40% to hit)
You throw a boomerang of dispersal.
The boomerang of dispersal closely misses the water moccasin.
* * * LOW HITPOINT WARNING * * *
You feel very sick. The water moccasin bites you!
* * * LOW HITPOINT WARNING * * *
You are more poisoned.
The water moccasin poisons you! The water moccasin closely misses you.
Throw: 6 boomerangs (disperse)
Press: ? - help, Q - select action, (/) - cycle Shift-Dir - straight line, f/p - water moccasin
Aim: a water moccasin (almost dead, 40% to hit)
You throw a boomerang of dispersal.
The boomerang of dispersal hits the water moccasin.
The water moccasin blinks!
The water moccasin is almost dead.
You die...

.....### ## #.....# .#
##.#..# .### #....##
<..#####.....## ##
#....##.......####.##
......##...#........###
..........#####.......#
.##.#.[..## ##@.....# .
#.##.#...# #.ยง....# .
..##...........#...$.#
.########....#.#......S#
. ###...##.##..... .###
## #...# . .... (..


You could see a water moccasin.

Vanquished Creatures
  Grinder (D:4)
  A black bear (D:5)
  2 phantoms (D:5)
  2 scorpions (D:5)
  3 hounds
  2 jellies
  3 orc priests
  2 iguanas
  Terence (D:3)
  8 adders
  A worm (D:4)
  4 dart slugs
  13 orcs
  9 ball pythons
  4 bats
  5 endoplasms
  4 giant cockroaches
  5 goblins
  5 hobgoblins
  4 quokkas
  2 frilled lizards (D:1)
  8 kobolds
  3 rats
92 creatures vanquished.

Notes
Turn   | Place    | Note
-------+----------+-------------------------------------------
     0 | D:1      | Ajdolov the Ogre Warper began the quest for the Orb.
     0 | D:1      | Reached XP level 1. HP: 22/22 MP: 3/3
   122 | D:1      | Reached skill level 3 in Fighting
   168 | D:1      | Reached XP level 2. HP: 23/31 MP: 5/5
   616 | D:2      | Reached skill level 4 in Fighting
   616 | D:2      | Reached XP level 3. HP: 31/39 MP: 6/6
   940 | D:2      | Found a faded altar of an unknown god.
  1499 | D:2      | Reached XP level 4. HP: 32/49 MP: 7/7
  1952 | D:2      | Reached skill level 5 in Fighting
  2483 | D:3      | Reached XP level 5. HP: 25/59 MP: 8/8
  2686 | D:3      | Reached skill level 6 in Fighting
  2962 | D:3      | Found Uskakhiaca's Distillery.
  2969 | D:3      | Bought a potion of curing for 36 gold pieces
  2969 | D:3      | Bought a potion of might for 48 gold pieces
  3015 | D:3      | Identified the +1 rapier of Duty {vorpal, rC- rN+ Dex+2}
  3087 | D:3      | Noticed Terence
  3105 | D:3      | Killed Terence
  3320 | D:3      | Found Riurgh's Weapon Boutique.
  3506 | D:3      | Found Moti's Jewellery Shoppe.
  3621 | D:4      | Reached XP level 6. HP: 68/68 MP: 9/9
  3644 | D:4      | Noticed Grinder
  3665 | D:4      | Paralysed by Grinder for 2 turns
  4059 | D:4      | Reached skill level 7 in Fighting
  4453 | D:4      | Paralysed by Grinder for 4 turns
  4459 | D:4      | Paralysed by Grinder for 6 turns
  4476 | D:4      | Killed Grinder
  4477 | D:4      | Reached XP level 7. HP: 19/79 MP: 10/10
  5149 | D:5      | Entered Level 5 of the Dungeon
  5373 | D:5      | Reached skill level 8 in Fighting
  5373 | D:5      | Reached skill level 5 in Maces & Flails
  5735 | D:5      | Reached XP level 8. HP: 79/89 MP: 11/11
  6851 | D:6      | Succumbed to a water moccasin's poison

Illustrated notes

Levels and vault maps discovered:
D:1:      heliophobic_arrival_enchanted_forest, layout_rooms,
          chequers_serial_rivers_micro_d, chequers_serial_rivers_marsh
D:2:      layout_basic, shapermc_ecumenical_altar_venn,
          amcnicky_mini_pool_small, minmay_close_crescents
D:3:      layout_loops_ring, serial_shops, nicolae_shop_statue_plus,
          nicolae_shop_stone, nicolae_shop_waterfront, uniq_terence
D:4:      layout_basic, uniq_grinder
D:5:      layout_basic
D:6:      nicolae_cairo_tiling, layout_cave_pools, minmay_temple_entry_junction,
          uniq_duvessa

Skill      XL: |  1  2  3  4  5  6  7  8 |
---------------+-------------------------+-----
Fighting       | 3 4 5 6 7 8 |  8.9
Maces & Flails | 2 3 4 5 6 |  6.3
Throwing       | |  1.0
Dodging        | |  2.1
Spellcasting   | |  2.4
Translocations | |  2.6

Action                   |  1- 3 |  4- 6 |  7- 9 || total
-------------------------+-------+-------+-------++-------
Melee: Mace              |    95 |    23 |       ||   118
       Flail             |       |   215 |     4 ||   219
       Punch             |       |     5 |     1 ||     6
       Whip              |       |       |    88 ||    88
Throw: Boomerang         |       |     3 |     2 ||     5
  Use: Potion            |       |     1 |       ||     1
 Stab: Sleeping          |       |     1 |       ||     1
Armor: Robe              |    17 |    45 |     8 ||    70
Dodge: Dodged            |    73 |   163 |    51 ||   287

Table legend: (Time is in decaauts)
 A = Elapsed time spent in this place.
 B = Non-inter-level travel time spent in this place.
 C = Inter-level travel time spent in this place.
 D = Time resting spent in this place.
 E = Time spent auto-exploring this place.
 F = Levels seen in this place.
 G = Mean time per level.
                   A        B        C        D        E       F      G
               +--------+--------+--------+--------+--------+-----+--------+
         Total |   6927 |   6593 |    334 |    705 |   4642 |   6 | 1154.5 |
       Dungeon |   6927 |   6593 |    334 |    705 |   4642 |   6 | 1154.5 |
               +--------+--------+--------+--------+--------+-----+--------+

Top non-repeatable levels by time:
     D:2: 1736 daAuts
     D:5: 1650 daAuts
     D:4: 1492 daAuts
     D:3: 1408 daAuts
     D:1: 602 daAuts
     D:6: 37 daAuts
